 Dungeon Sprint DCSS version 0.27.1 (webtiles) character file.

Game seed: 10347741100609446411

2905 styxcanada the Imperceptible (level 9, -13/48 HPs)
             Began as a Spriggan Brigand on Aug 27, 2021.
             Was an Initiate of Gozag.
             Killed from afar by a spriggan druid (20 damage)
             ... with a stone arrow
             ... in the Dungeon (Sprint IV: "Fedhas' Mad Dash").
             The game lasted 00:07:00 (935 turns).

styxcanada the Imperceptible (Spriggan Brigand)      Turns: 935, Time: 00:07:01

Health: -13/48     AC:  5    Str:  7    XL:     9   Next: 49%
Magic:  9/10       EV: 24    Int: 13    God:    Gozag
Gold:   1076       SH:  7    Dex: 19    Spells: 8/8 levels left

rFire    + . .     SeeInvis +   a - +2 dagger
rCold    . . .     Faith    .   d - +0 buckler
rNeg     . . .     Spirit   .   o - +2 robe {Will+}
rPois    .         Reflect  .   (helmet restricted)
rElec    .         Harm     .   c - +0 cloak
rCorr    .         Rampage  .   (gloves unavailable)
Will     ++...     NoTele   +   (boots unavailable)
Stlth    ++++++++..             j - amulet of invisibility {+Inv}
HPRegen  0.16/turn              q - ring "Amaom" {Wiz rF+}
MPRegen  0.12/turn              (no ring)

@: very slightly contaminated, invisible, very quick
A: very small, no large weapons, unfitting armour, see invisible, speed 3
a: Renounce Religion, Evoke Invisibility, Potion Petition, Call Merchant, Bribe
Branch


You were in the Dungeon.
You worshipped Gozag.
Gozag was most pleased with you.
You visited 1 branch You collected 1667 gold pieces.
You spent 591 gold pieces at shops.

Inventory:

Hand Weapons
 a - a +2 dagger (weapon)
Missiles
 e - 2 curare-tipped darts (quivered)
 m - 5 poisoned darts
Armour
 c - a +0 cloak (worn)
 d - a +0 buckler (worn)
 o - a +2 robe of willpower (worn)
Jewellery
 j - the amulet of invisibility (around neck) {+Inv}
   (You found it in the Dungeon)

   [amulet of nothing]

   +Inv:      It lets you turn invisible.
 q - the ring "Amaom" (left hand) {Wiz rF+}
   (You bought it in a shop in the Dungeon)

   [ring of wizardry]

   It improves your spell success rate.
   rF:        It protects you from fire.
Scrolls
 b - a scroll of immolation {unknown}
 k - a scroll of blinking
 l - a scroll of identify {unknown}
Potions
 f - 2 potions of curing
 g - a potion of heal wounds
 h - 2 potions of haste
 i - 2 potions of magic
 n - a potion of lignification {unknown}
Miscellaneous
 p - a phial of floods


   Skills:
 * Level 6.0 Fighting
 + Level 4.8 Short Blades
 + Level 6.1 Throwing
 * Level 9.9 Dodging
 * Level 21.8 Stealth
 * Level 4.5 Shields
 * Level 10.1 Evocations


You had 8 spell levels left.
You didn't know any spells.
Your spell library contained the following spells:

 Spells                   Type           Power      Damage    Failure   Level
 Passwall                 Tmut/Erth      0%         N/A       22%         2
 Leda's Liquefaction      Hex/Erth       0%         N/A       78%         4
 Death Channel            Necr           0%         N/A       100%        6


Dungeon Overview and Level Annotations

Branches:
Dungeon (1/1)

Altars:
Cheibriados
Dithmenos
Elyvilon
Gozag
Hepliaklqana
Kikubaaqudgha
Makhleb
Nemelex Xobeh
Okawaru
Qazlal
Ru
Sif Muna
Trog
Uskayaw
Vehumet
Wu Jian
Xom
Yredelemnul
Zin
The Shining One
Beogh
Jiyva
Lugonu

Shops:
D [[=(


Innate Abilities, Weirdness & Mutations

You are very small and have problems with some larger weapons.
You are too small for most types of armour.
You have supernaturally acute eyesight. (SInv)
You cover ground extremely quickly. (Speed+++)


Message History

You start waiting.
You flicker for a moment.
You start waiting.
You flicker back into view.
You start waiting.
Your magical contamination has completely faded away.
You fail to use your ability.
You fade into invisibility!
You are very lightly contaminated with residual magic.
You open the door.
Found a fuming white potion.
There is an open door here.
Found 23 gold pieces.
A spriggan druid comes into view.
It is wielding a +1 quarterstaff of draining.
The spriggan druid shouts!
You hit the spriggan druid.
The spriggan druid is lightly wounded.
The spriggan druid casts a spell.
The forest starts to sway and rumble!
You hit the spriggan druid but do no damage.
The spriggan druid is lightly wounded.
The trees move their gnarly branches around.
A tree reaches out and hits you!
The spriggan druid calls out to the beasts of the wild!
You hit the spriggan druid but do no damage.
The spriggan druid is lightly wounded.
You hit the spriggan druid but do no damage.
The spriggan druid is lightly wounded.
Trunks creak and shift.
A root smacks you from below! You block the spriggan druid's attack.
You hit the spriggan druid but do no damage.
The spriggan druid is lightly wounded.
A tree reaches out and hits you! The spriggan druid barely misses you.
You closely miss the spriggan druid. A root smacks you from below!
* * * LOW HITPOINT WARNING * * *
Unknown command.
The spriggan druid casts a spell at you.
The stone arrow hits you!!
You die...
Your body crumbles into a pile of gold.

#################################
.....#.....#.⌠._._._._.⌠.#.['...#
.....'.#...'.._._._._._..'..#...#
.....#.#...#..._._._._...#..###'#
#########'##.._._._._._..#..##∩∩.
.......'...#._._._._._.⌠.########
.♣.....#...###############
♣..♣..######♣♣♣♣♣.i♣
#'######.|'.....@♣..♣
..'.......#♣..♣♣♣.♣..#
###.......#.♣♣.!♣.$$♣+ $ #
########## #######


You could see a spriggan druid.

Vanquished Creatures
  2 oklob plants (D)
  3 burning bushes (D)
  A queen bee (D)
  3 wandering mushrooms (D)
  3 scorpions (D)
  4 killer bees (D)
  5 oklob saplings (D)
  2 spriggans (D)
  A river rat (D)
  A rat (D)
25 creatures vanquished.

Vanquished Creatures (others)
  A fungus (D)
1 creature vanquished.

Grand Total: 26 creatures vanquished

Notes
Turn   | Place    | Note
-------+----------+-------------------------------------------
     0 | D        | styxcanada the Spriggan Brigand began the quest for the
                  | Orb.
     0 | D        | Reached XP level 1. HP: 10/10 MP: 2/2
    17 | D        | Reached skill level 8 in Stealth
    17 | D        | Reached XP level 2. HP: 15/15 MP: 3/3
    34 | D        | Noticed an oklob sapling
    39 | D        | Killed an oklob sapling
    40 | D        | Reached skill level 9 in Stealth
    40 | D        | Reached XP level 3. HP: 19/19 MP: 4/4
    79 | D        | Noticed a scorpion
    79 | D        | Found the amulet of invisibility {+Inv}
    81 | D        | Killed a scorpion
    82 | D        | Reached skill level 12 in Stealth
    82 | D        | Reached XP level 4. HP: 23/23 MP: 5/5
   207 | D        | Found an opulent altar of Gozag.
   207 | D        | Found a hazy altar of Hepliaklqana.
   207 | D        | Found a burning altar of Makhleb.
   207 | D        | Found a sparkling altar of Nemelex Xobeh.
   207 | D        | Found a snail-covered altar of Cheibriados.
   207 | D        | Found a sacrificial altar of Ru.
   207 | D        | Found a shimmering blue altar of Sif Muna.
   207 | D        | Found a shimmering altar of Xom.
   207 | D        | Found a basalt altar of Yredelemnul.
   208 | D        | Found a viscous altar of Jiyva.
   208 | D        | Found a bloodstained altar of Trog.
   208 | D        | Found an ornate altar of the Wu Jian Council.
   209 | D        | Found an iron altar of Okawaru.
   209 | D        | Found a shadowy altar of Dithmenos.
   209 | D        | Found a glowing silver altar of Zin.
   210 | D        | Found an ancient bone altar of Kikubaaqudgha.
   210 | D        | Found a hide-covered altar of Uskayaw.
   211 | D        | Found a stormy altar of Qazlal.
   211 | D        | Found a white marble altar of Elyvilon.
   211 | D        | Found a glowing golden altar of the Shining One.
   212 | D        | Became a worshipper of Gozag Ym Sagoz the Greedy
   213 | D        | Found a corrupted altar of Lugonu.
   213 | D        | Found a radiant altar of Vehumet.
   217 | D        | Reached skill level 13 in Stealth
   217 | D        | Reached skill level 1 in Evocations
   217 | D        | Reached XP level 5. HP: 28/28 MP: 3/6
   273 | D        | Reached skill level 14 in Stealth
   314 | D        | Reached skill level 5 in Dodging
   499 | D        | Reached skill level 15 in Stealth
   499 | D        | Reached XP level 6. HP: 33/33 MP: 7/7
   529 | D        | Found Detid's Armour Shop.
   529 | D        | Found Axonosh's Antique Armour Emporium.
   535 | D        | Bought a glowing robe for 107 gold pieces
   550 | D        | Noticed a burning bush
   550 | D        | Noticed a wandering mushroom
   551 | D        | Noticed a wandering mushroom
   554 | D        | Killed a burning bush
   555 | D        | Reached skill level 17 in Stealth
   555 | D        | Reached skill level 1 in Shields
   555 | D        | Reached XP level 7. HP: 37/37 MP: 5/8
   555 | D        | Killed a wandering mushroom
   556 | D        | Reached skill level 18 in Stealth
   556 | D        | Reached skill level 5 in Evocations
   556 | D        | Killed a wandering mushroom
   557 | D        | Reached skill level 5 in Throwing
   559 | D        | Reached XP level 8. HP: 42/42 MP: 5/9
   570 | D        | Found Extochuc's Antique Weapon Emporium.
   570 | D        | Found Umuruuff's Jewellery Shoppe.
   577 | D        | Bought the ring "Amaom" {Wiz rF+} for 484 gold pieces
   629 | D        | Noticed a queen bee
   636 | D        | Killed a queen bee
   637 | D        | Reached skill level 5 in Fighting
   637 | D        | Reached skill level 19 in Stealth
   684 | D        | Noticed an oklob plant
   687 | D        | Killed an oklob plant
   688 | D        | Reached skill level 20 in Stealth
   783 | D        | Noticed a burning bush
   786 | D        | Killed a burning bush
   787 | D        | Reached XP level 9. HP: 47/47 MP: 7/10
   790 | D        | Got the Incunabulum of Black Secrets and Stones
   844 | D        | Noticed a burning bush
   844 | D        | Noticed an oklob plant
   845 | D        | Noticed a wandering mushroom
   846 | D        | Killed a burning bush
   847 | D        | Reached skill level 21 in Stealth
   851 | D        | Killed an oklob plant
   855 | D        | Killed a wandering mushroom
   856 | D        | Reached skill level 10 in Evocations
   928 | D        | Noticed a spriggan druid
   935 | D        | Killed from afar by a spriggan druid

Illustrated notes

Levels and vault maps discovered:
D:        dungeon_sprint_fedhas [sprint_temple]

Skill      XL: |  1  2  3  4  5  6  7  8  9 |
---------------+----------------------------+-----
Fighting       | 2 3 4 5 6 |  6.0
Dodging        | 2 3 4 5 6 7 9 |  9.9
Stealth        | 8 9 12 13 15 17 18 20 21 | 21.8
Short Blades   | 3 4 |  4.8
Throwing       | 3 4 5 6 |  6.1
Evocations     | 1 3 4 6 8 10 | 10.1
Shields        | 1 2 4 |  4.5

Action                   |  1- 3 |  4- 6 |  7- 9 || total
-------------------------+-------+-------+-------++-------
Melee: Dagger            |     6 |     9 |    21 ||    36
Throw: Dart              |     6 |     8 |       ||    14
 Abil: Evoke Invisibilit |       |     3 |     5 ||     8
  Use: Potion            |     1 |       |       ||     1
 Stab: Sleeping          |     1 |     3 |    15 ||    19
Dodge: Dodged            |     2 |     8 |     1 ||    11
Block: Buckler           |       |       |     1 ||     1
